 Dungeon Crawl Stone Soup version 0.26-a0-639-g72c4674329 (webtiles) character file.

Game seed: 2268313645606494768

45 Flugslaktarn the Skirmisher (level 3, -8/33 HPs)
             Began as a Minotaur Fighter on Sept 22, 2020.
             Mangled by Menkaure (17 damage)
             ... on level 4 of the Dungeon.
             The game lasted 00:00:18 (517 turns).

Flugslaktarn the Skirmisher (Minotaur Fighter)       Turns: 517, Time: 00:00:19

Health: -8/33      AC:  7    Str: 21    XL:     3   Next: 42%
Magic:  2/2        EV:  7    Int:  5    God:
Gold:   7          SH:  9    Dex:  9    Spells: 2/2 levels left

rFire    . . .     SeeInvis .   a - +0 war axe
rCold    . . .     Faith    .   c - +0 kite shield
rNeg     . . .     Spirit   .   b - +0 scale mail
rPois    .         Reflect  .   (helmet restricted)
rElec    .         Harm     .   (no cloak)
rCorr    .         Rampage  .   (no gloves)
MR       .....                  (no boots)
Stlth    ..........             (no amulet)
HPRegen  0.11/turn              (no ring)
MPRegen  0.08/turn              (no ring)

@: no status effects
A: retaliatory headbutt, horns 2
a: no special abilities


You were on level 4 of the Dungeon.
You visited 1 branch of the dungeon, and saw 4 of its levels.

You collected 7 gold pieces.

Inventory:

Hand Weapons
 a - a +0 war axe (weapon)
Armour
 b - a +0 scale mail (worn)
 c - a +0 kite shield (worn)
Scrolls
 e - 2 scrolls of identify {unknown}
 f - 2 scrolls of noise {unknown}
 h - a scroll of magic mapping {unknown}
Potions
 d - 2 potions of might
 g - a potion of cancellation {unknown}


   Skills:
 * Level 4.3 Fighting
 * Level 3.4 Axes
 + Level 4.0 Armour
 + Level 4.0 Shields


You had 2 spell levels left.
You didn't know any spells.
Your spell library was empty.

Dungeon Overview and Level Annotations

Branches:
Dungeon (4/15)
 Temple: D:4-7

Altars:

Annotations:
D:4 Menkaure


Innate Abilities, Weirdness & Mutations

You reflexively headbutt those who attack you in melee.
You have a pair of horns on your head.


Message History

You hit Menkaure.
Menkaure is moderately damaged.
Menkaure calls on the powers of darkness!
Your body is wracked with pain!
You closely miss Menkaure.
Menkaure is moderately damaged.
You block Menkaure's attack. Menkaure hits you.
You hit Menkaure but do no damage.
Menkaure is moderately damaged.
You block Menkaure's attack.
Your shield prevents you from hitting Menkaure.
Menkaure is moderately damaged.
Menkaure's bandages flutter.
Menkaure hits you.
* * * LOW HITPOINT WARNING * * *
You barely miss Menkaure. You headbutt Menkaure.
Menkaure is heavily damaged.
Menkaure hits you!
Ouch! That really hurt!
You die...

#... #... #...
#..# ######
##... #....#####
..Z# #.##.....#
#M###.######.###
#@....# #..<#
#..#### #####
#>.# #.(# #.##
#.# #.# ... #..


You could see Menkaure and a hound skeleton.

Vanquished Creatures
  An iguana (D:3)
  An adder (D:3)
  A goblin (D:2)
  3 jackals (D:1)
  3 bats
  A frilled lizard (D:1)
  A kobold (D:1)
  2 rats (D:2)
13 creatures vanquished.

Notes
Turn   | Place    | Note
-------+----------+-------------------------------------------
     0 | D:1      | Flugslaktarn the Minotaur Fighter began the quest for the
                  | Orb.
     0 | D:1      | Reached XP level 1. HP: 19/19 MP: 0/0
   221 | D:2      | Reached XP level 2. HP: 27/27 MP: 1/1
   275 | D:3      | Reached XP level 3. HP: 13/33 MP: 2/2
   508 | D:4      | Noticed Menkaure
   517 | D:4      | Mangled by Menkaure

Illustrated notes

Levels and vault maps discovered:
D:1:      psy_arrival_fountain, layout_basic
D:2:      layout_basic
D:3:      lemuel_castle_with_subvaults [lemuel_castle_interior_carwin_2],
          layout_loops_ring, lemuel_doored_altar,
          gammafunk_temple_overflow_statue
D:4:      cheibrodos_quashed, layout_basic, nicolae_ru_the_path_less_chosen,
          minmay_temple_entry_junction, uniq_menkaure

Skill      XL: |  1  2  3 |
---------------+----------+-----
Fighting       | 4 |  4.3
Axes           | 3 |  3.4
Armour         | 4 |  4.0
Shields        | 4 |  4.0

Action                   || total
-------------------------++-------
Melee: War axe           ||    30
       Headbutt          ||     8
Armor: Scale mail        ||    12
Dodge: Dodged            ||     8
Block: Kite shield       ||    20

Table legend: (Time is in decaauts)
 A = Elapsed time spent in this place.
 B = Non-inter-level travel time spent in this place.
 C = Inter-level travel time spent in this place.
 D = Time resting spent in this place.
 E = Time spent auto-exploring this place.
 F = Levels seen in this place.
 G = Mean time per level.
                   A        B        C        D        E       F      G
               +--------+--------+--------+--------+--------+-----+--------+
         Total |    529 |    508 |     21 |      0 |    423 |   4 |  132.2 |
       Dungeon |    529 |    508 |     21 |      0 |    423 |   4 |  132.2 |
               +--------+--------+--------+--------+--------+-----+--------+

Top non-repeatable levels by time:
     D:3: 236 daAuts
     D:1: 225 daAuts
     D:2: 44 daAuts
     D:4: 23 daAuts
